Map: Zen LE

Players

JohnnyV - Winner!

  • Race: Terran Terran
  • League: Silver
  • Spawn Location: 1:00

FlynHwn

  • Race: Terran Terran
  • League: Silver
  • Spawn Location: 7:00

VOD

Have the link to the VOD?

Description

Time

  • Played on: May 22, 2020, 10:16 a.m.
  • Length: 5:57
Show
View Real Time Build Order
Export as new Build Order

JohnnyV Terran - Winner!

Build Orders:  

Get SALT Encoding   

  12  0:01  SCV  
  13  0:13  SCV  
  14  0:18  Supply Depot  
  14  0:26  Refinery  
  15  0:28  SCV  
  15  0:42  Barracks  
  15  0:46  SCV  
  16  0:58  SCV  
  16  1:02  Refinery  
  17  1:10  SCV  
  18  1:22  SCV  
  19  1:31  Reaper  
  20  1:34  SCV  
  20  1:37  Supply Depot  
  21  1:45  Factory  
  21  1:47  SCV  
  22  1:59  SCV  
  23  2:18  Marine  
  21  2:31  Widow Mine  
  21  2:36  Marine  
  23  2:55  Widow Mine  
  23  2:56  Marine  
  26  2:58  Orbital Command  
  26  3:03  Starport  
  26  3:11  Bunker  
  26  3:14  Marine  
  27  3:24  Factory Tech Lab  
  27  3:34  Barracks  
  27  3:41  Supply Depot  
  27  3:42  SCV  
  28  3:48  Medivac  
  30  3:55  Marine  
  30  4:02  SCV  
  32  4:04  Supply Depot  
  32  4:06  Widow Mine  
  34  4:19  SCV  
  35  4:33  Siege Tank  
  35  4:35  Barracks Reactor, Barracks Tech Lab  
  38  4:39  Medivac  
  40  4:52  SCV  
  41  4:59  Command Center  
  40  5:22  Marine x2  
  40  5:23  Siege Tank  
  40  5:25  Medivac  
Show
View Real Time Build Order
Export as new Build Order

FlynHwn Terran 

Build Orders:  

Get SALT Encoding   

  12  0:00  SCV  
  13  0:13  SCV  
  14  0:17  Supply Depot  
  14  0:25  SCV  
  15  0:39  SCV  
  16  0:45  Barracks  
  16  0:51  SCV  
  17  0:58  Barracks  
  17  1:05  SCV  
  17  1:10  Refinery  
  18  1:17  SCV  
  19  1:21  Supply Depot  
  19  1:30  SCV  
  19  1:32  Marine  
  21  1:42  SCV  
  21  1:43  Supply Depot  
  21  1:45  Marine  
  23  1:50  Marine  
  24  2:03  Marine  
  25  2:25  Marine x2  
  27  2:43  Marine x2  
  28  2:52  Barracks  
  28  3:01  Marine x2  
  28  3:04  SCV  
  31  3:16  SCV  
  31  3:18  Marine  
  31  3:19  Marine  
  34  3:22  Factory  
  34  3:27  Command Center  
  34  3:34  Refinery  
  34  3:36  Marine x2  
  34  3:39  Barracks Tech Lab  
  36  3:52  Bunker  
  36  3:54  Marine  
  37  3:59  Marauder  
  37  4:01  Stimpack  
  39  4:10  Orbital Command  
  39  4:18  Factory Tech Lab  
  39  4:39  Marauder  
  39  4:41  Siege Tank  
  44  4:51  Supply Depot  
  44  4:57  Starport  
  44  4:58  Orbital Command  
  44  5:01  SCV  
  45  5:13  SCV  
Tags
 
Matchup
TvT
Race
Terran
Spawn Locations
Cross Positions
Add a new tag
Caveats
  • Supply blocks, unpowered buildings, or Contaminate may cause inaccurate times.
  • Supply counts are checked every 10 seconds.